 Dungeon Crawl Stone Soup version 0.29.1-1-gd02db6906a (webtiles) character file.

Game seed: 579042723899849079

44 Icepheonix32 the Trooper (level 3, -2/34 HPs)
             Began as a Minotaur Fighter on Sept 20, 2022.
             Slain by Sigmund
             ... wielding a +0 scythe of venom
              (3 damage)
             ... on level 2 of the Dungeon.
             The game lasted 00:00:47 (826 turns).

Icepheonix32 the Trooper (Minotaur Fighter)          Turns: 826, Time: 00:00:48

Health: -2/34      AC:  7    Str: 28    XL:     3   Next: 39%
Magic:  2/2        EV:  9    Int:  5    God:
Gold:   47         SH:  4    Dex:  9    Spells: 2/2 levels left

rFire   . . .      SeeInvis .   d - +2 short sword (drain)
rCold   . . .      Faith    .   c - +0 buckler
rNeg    . . .      Spirit   .   b - +0 scale mail
rPois   .          Reflect  .   (helmet restricted)
rElec   .          Harm     .   (no cloak)
rCorr   .          Rampage  .   (no gloves)
Will    .....                   (no boots)
Stlth   ..........              (no amulet)
HPRegen 0.11/turn               k - +6 ring of strength
MPRegen 0.08/turn               (no ring)

@: lethally poisoned (-2 -> -15)
A: horns 2, retaliatory headbutt
a: no special abilities


You were on level 2 of the Dungeon.
You visited 1 branch of the dungeon, and saw 2 of its levels.

You collected 47 gold pieces.

Inventory:

Hand Weapons
 a - a +0 war axe
 d - a +2 short sword of draining (weapon)
Armour
 b - a +0 scale mail (worn)
 c - a +0 buckler (worn)
Jewellery
 k - a +6 ring of strength (left hand)
Scrolls
 e - a scroll of noise {unknown}
 j - a scroll of immolation {unknown}
 m - a scroll of identify {unknown}
Potions
 f - a potion of flight {unknown}
 g - a potion of haste {unknown}
 h - a potion of magic {unknown}
 i - a potion of invisibility
 l - a potion of attraction {unknown}


   Skills:
 * Level 4.4 Fighting
 - Level 2.9 Axes
 + Level 4.0 Armour
 + Level 4.0 Shields


You had 2 spell levels left.
You didn't know any spells.
Your spell library contained the following spells:

 Spells                   Type           Power      Damage    Failure   Level
 Magic Dart               Conj           0%         1d3       83%         1
 Blink                    Tloc           0%         N/A       92%         2
 Call Imp                 Summ           0%         N/A       92%         2
 Lesser Beckoning         Tloc           0%         N/A       99%         3
 Mephitic Cloud           Conj/Pois/Air  0%         N/A       99%         3
 Manifold Assault         Tloc           0%         N/A       100%        5


Dungeon Overview and Level Annotations

Branches:
Dungeon (1/15)

Altars:

Annotations:
D:2 Sigmund


Innate Abilities, Weirdness & Mutations

You have a pair of horns on your head.
You reflexively headbutt those who attack you in melee.


Message History

You sense an unholy aura.
d - a +2 short sword of draining (weapon)
You feel stronger.
k - a +6 ring of strength (left hand)
You feel a little less mighty now.
Key pressed, stopping explore.
HP restored.
You open the door.
There is an open door here.
Found a stone staircase leading down.
You pick up a book of Minor Magic and begin reading...
You add the spells Magic Dart, Call Imp and Mephitic Cloud to your library.
You open the door.
Sigmund the Dreaded comes into view.
He is wielding a +0 scythe of venom.
Found a glowing yellow potion.
Sigmund drinks a potion.
Sigmund flickers and vanishes!
Deactivating autopickup; reactivate with Ctrl-A.
No target in view!
Something hits you but does no damage.
You are poisoned.
You feel sick.
You feel sick.
You feel sick. Something hits you.
You are more poisoned.
You feel sick.
You feel very sick. Something hits you but does no damage.
You feel sick.
You hear some strange, mumbled words.
A puff of flame appears from out of thin air!
The puff of flame hits you.
You feel sick. Something hits you!
* * * LOW HITPOINT WARNING * * *
You are lethally poisoned!
* * * LOW HITPOINT WARNING * * *
You feel very sick.
* * * LOW HITPOINT WARNING * * *
You feel very sick. Something hits you.
You die...

#...........#.#
#.##
#...........#.#
#.#
####........'.#
#.# #........###
#
#...#.#######.#
#..#+#.........#
#>........{.####
###.....###.#
#.....# #@#
#.....# #.#
#.....# #.#
#...!.# #.#
#.....# #.. ###


There were no monsters in sight!

Vanquished Creatures
  Terence (D:2)
  2 worms (D:2)
  A dart slug (D:2)
  A ball python (D:1)
  An endoplasm (D:2)
  5 bats
  A kobold (D:1)
  3 rats
15 creatures vanquished.

Notes
Turn   | Place    | Note
-------+----------+-------------------------------------------
     0 | D:1      | Icepheonix32 the Minotaur Fighter began the quest for the
                  | Orb.
     0 | D:1      | Reached XP level 1. HP: 19/19 MP: 0/0
    24 | D:1      | Found a faded altar of an unknown god.
   478 | D:1      | You fall into a shaft and drop 1 floor!
   515 | D:2      | Reached XP level 2. HP: 27/27 MP: 1/1
   562 | D:2      | Noticed Terence
   578 | D:2      | Killed Terence
   579 | D:2      | Reached XP level 3. HP: 10/34 MP: 2/2
   809 | D:2      | Noticed Sigmund
   826 | D:2      | HP: 1/34 [poisoned by Sigmund]
   826 | D:2      | Slain by Sigmund

Illustrated notes

Levels and vault maps discovered:
D:1:      scummos_arrival_simple_fountains, layout_basic,
          ebering_ecumenical_altar_sacrificial
D:2:      layout_basic, uniq_sigmund, uniq_terence

Skill      XL: |  1  2 |
---------------+-------+-----
Fighting       | 4 |  4.4
Armour         | 4 |  4.0
Shields        | 4 |  4.0
Axes           | |  2.9

Action                   || total
-------------------------++-------
Melee: War axe           ||    23
       Headbutt          ||     3
  Use: Potion            ||     1
Armor: Scale mail        ||    15
Dodge: Dodged            ||    18
Block: Buckler           ||     7
